 Dungeon Crawl Stone Soup version 0.19.5 (webtiles) character file.

134 RUZZLEFAZAZZLE the Slasher (level 4, -5/35 HPs)
             Began as a Demonspawn Chaos Knight on Apr 17, 2017.
             Killed by nerve-wracking pain
             ... invoked by an orc priest
              (14 damage)
             ... on level 3 of the Dungeon.
             The game lasted 00:05:16 (1856 turns).

RUZZLEFAZAZZLE the Slasher (DsCK)                   Turns: 1856, Time: 00:05:17

Health: -5/35      AC: 12    Str: 13    XL:     4   Next: 95%
Magic:  4/4        EV:  3    Int: 13    God:    Xom [..*...]
Gold:   154        SH:  0    Dex: 13    Spells: 0 memorised, 3 levels left

rFire  . . .     SeeInvis .     a - +0 falchion (chaos)
rCold  . . .     Gourm    .     i - +2 plate armour
rNeg   . . .     Faith    .     (no shield)
rPois  .         Spirit   .     (no helmet)
rElec  .         Reflect  .     (no cloak)
rCorr  .         Harm     .     (no gloves)
MR     .....                    (no boots)
Stlth  ..........               (no amulet)
                                (no ring)
                                h - ring of wizardry

@: no status effects
A: claws 1
a: Renounce Religion


You were on level 3 of the Dungeon.
You worshipped Xom.
You were a toy of Xom.
You were not hungry.

You visited 1 branch of the dungeon, and saw 3 of its levels.

You collected 154 gold pieces.

Inventory:

Hand Weapons
 a - a +0 falchion of chaos (weapon)
Armour
 i - a +2 plate armour (worn)
Jewellery
 h - a ring of wizardry (left claw)
Scrolls
 e - a scroll of remove curse
 f - a scroll of identify
 k - a scroll of teleportation
Potions
 g - 2 potions of agility
 j - a potion of magic {unknown}
 m - a potion of degeneration {unknown}
Comestibles
 b - 3 meat rations
 c - 3 bread rations
 n - 12 chunks of flesh
 o - a slice of pizza


   Skills:
 - Level 3.0 Fighting
 + Level 5.1 Long Blades
 - Level 1.7 Armour
 - Level 0.8 Dodging


You had 3 spell levels left.
You didn't know any spells.

Dungeon Overview and Level Annotations

Branches:
Dungeon (3/15)

Altars:
Fedhas


Innate Abilities, Weirdness & Mutations

You have sharp fingernails.


Message History

You are too injured to fight recklessly!
You are too injured to fight recklessly!
You are too injured to fight recklessly!
You are too injured to fight recklessly!
You hit the orc.
You kill the orc!
The orc priest hits you but does no damage.
Items here: ( ))) [ † You closely miss the orc priest.
The orc priest barely misses you.
You hit the orc priest. You burn the orc priest.
The orc priest is lightly wounded.
The orc priest hits you but does no damage.
Your plate armour prevents you from hitting the orc priest.
The orc priest is lightly wounded.
The orc priest casts a cantrip, but nothing happens.
You hit the orc priest. You freeze the orc priest.
The orc priest is heavily wounded.
The orc priest calls down the wrath of Beogh upon you.
Pain shoots through your body!
You die...

########.#
###......##### #[#
#......# #.#
#......# #.#
#......# #.#
#......# ###.##
#........
#....#############..
#...........# ...
#....######@# ..
#....# #.o..# #....#
#....# #....# #....#
#....# #....# ######
#....# #.....
#....##


You could see an orc priest.

Vanquished Creatures
  A centaur skeleton (D:3)
  Terence (D:2)
  An adder (D:2)
  3 worms (D:2)
  A leopard gecko (D:1)
  7 orcs (D:3)
  2 giant cockroaches (D:3)
  4 goblins
  9 hobgoblins
  3 jackals (D:2)
  A quokka (D:2)
  5 bats
  2 frilled lizards
  6 kobolds
  9 rats
55 creatures vanquished.

Notes
Turn   | Place    | Note
-------+----------+-------------------------------------------
     0 | D:1      | RUZZLEFAZAZZLE the Demonspawn Chaos Knight began the quest for the Orb.
     0 | D:1      | Reached XP level 1. HP: 18/18 MP: 1/1
    56 | D:1      | Reached skill level 3 in Long Blades
   160 | D:1      | XOM: harmless Necr miscast
   217 | D:1      | Gained mutation: You have sharp fingernails. [demonic ancestry]
   217 | D:1      | Reached XP level 2. HP: 24/24 MP: 2/2
   385 | D:1      | XOM: silly message
   639 | D:1      | XOM: divination: detect creatures
   796 | D:2      | Reached XP level 3. HP: 24/29 MP: 3/3
   810 | D:2      | XOM: harmless Air miscast
   852 | D:2      | Reached skill level 4 in Long Blades
   985 | D:2      | XOM: divination: detect items
  1080 | D:2      | Found a blossoming altar of Fedhas.
  1184 | D:2      | Noticed Terence
  1201 | D:2      | Killed Terence
  1201 | D:2      | Reached XP level 4. HP: 33/35 MP: 4/4
  1689 | D:3      | XOM: divination: detect items
  1716 | D:3      | XOM: mild Erth miscast
  1732 | D:3      | Reached skill level 5 in Long Blades
  1848 | D:3      | XOM: harmless Air miscast
  1856 | D:3      | Killed from afar by an orc priest

Skill      XL: |  1  2  3  4 |
---------------+-------------+-----
Long Blades    | 3 4 5 |  5.1
Fighting       | |  3.0
Armour         | |  1.7
Dodging        | |  0.8

Action                   |  1- 3 |  4- 6 || total
-------------------------+-------+-------++-------
Melee: Falchion          |   123 |    82 ||   205
  Use: Scroll            |     7 |     3 ||    10
       Potion            |     2 |       ||     2
 Stab: Confused          |     2 |       ||     2
  Eat: Chunk             |     1 |     2 ||     3
Armor: Leather armour    |    25 |       ||    25
       Plate armour      |    35 |    94 ||   129
Dodge: Dodged            |    49 |    26 ||    75
       Rpst.: Falchion   |    17 |     6 ||    23
